 Dungeon Crawl Stone Soup version 0.22-a0-136-g83a10e5 (webtiles) character file.

128006 sankara the Warrior (level 17, -64/179 HPs)
             Began as a Hill Orc Fighter on Feb 4, 2018.
             Was a Believer of Uskayaw.
             Annihilated by an enormous slime creature (69 damage)
             ... on level 1 of the Swamp.
             The game lasted 02:29:40 (33910 turns).

sankara the Warrior (Hill Orc Fighter)             Turns: 33910, Time: 02:29:41

Health: -64/179    AC: 15    Str: 25    XL:     17   Next: 2%
Magic:  10/28      EV: 16    Int:  8    God:    Uskayaw [**....]
Gold:   1932       SH: 11    Dex: 16    Spells: 11/16 levels left

rFire    + . .     SeeInvis +   X - +2 spear of the Last Lovers {elec, Str+4 Dex-4 SInv}
rCold    . . .     Gourm    .   u - +0 buckler
rNeg     . . .     Faith    .   s - +0 swamp dragon scales
rPois    +         Spirit   .   t - +2 hat {MR+}
rElec    .         Reflect  +   h - scarf {cloud immunity}
rCorr    +         Harm     .   v - +0 pair of gloves {Dex+3}
MR       ++...                  f - +0 pair of boots
Stlth    ++++......             k - +6 amulet of reflection
HPRegen  0.39/turn              D - ring of protection from fire
MPRegen  0.21/turn              J - ring of resist corrosion

@: studying Throwing
A: camouflage 1, agile 1, blurry vision 1, robust 1
a: Stomp, Line Pass, Renounce Religion


You were on level 1 of the Swamp.
You worshipped Uskayaw.
Uskayaw was pleased with you.
You were not hungry.

You visited 5 branches of the dungeon, and saw 25 of its levels.
You also visited: Labyrinth.

You collected 3871 gold pieces.
You spent 1939 gold pieces at shops.

Inventory:

Hand Weapons
 a - a +0 antimagic war axe
 b - the +11 dagger "Ymoattac" {elec, rN+ SInv}
   (You found it on level 6 of the Lair of Beasts)

   Occasionally, upon striking a foe, it will discharge some electrical energy
   and cause terrible harm.
   It protects you from negative energy.
   It lets you see invisible.
 c - a +2 hunting sling of freezing
 L - a +0 blowgun
 X - the +2 spear of the Last Lovers (weapon) {elec, Str+4 Dex-4 SInv}
   (You found it on level 3 of the Lair of Beasts)

   Occasionally, upon striking a foe, it will discharge some electrical energy
   and cause terrible harm.
   It affects your strength (+4).
   It affects your dexterity (-4).
   It lets you see invisible.
Missiles
 i - 6 javelins (quivered)
 m - 97 poisoned needles
 p - 145 sling bullets
 x - 5 needles of confusion
 B - 7 needles of sleeping
 K - 5 curare-tipped needles
 Y - a throwing net
Armour
 f - a +0 pair of boots (worn)
 h - a scarf of cloud immunity (worn)
 s - +0 swamp dragon scales (worn)
 t - a +2 hat of magic resistance (worn)
 u - a +0 buckler (worn)
 v - a +0 pair of gloves of dexterity (worn)
 W - a +5 plate armour of magic resistance
Jewellery
 e - an uncursed ring of see invisible
 k - a +6 amulet of reflection (around neck)
 D - a ring of protection from fire (left hand)
 J - a ring of resist corrosion (right hand)
Wands
 j - a wand of iceblast (25)
 y - a wand of acid (17)
 z - a wand of flame (48)
 O - a wand of digging (33)
 S - a wand of enslavement (11)
 U - a wand of polymorph (33)
Scrolls
 g - 14 scrolls of identify
 l - 11 scrolls of remove curse
 o - 3 scrolls of magic mapping
 w - 7 scrolls of teleportation
 A - 2 scrolls of fog
 E - 2 scrolls of fear
 I - 4 scrolls of blinking
 P - 4 scrolls of enchant weapon
Potions
 d - 4 potions of might
 n - 4 potions of flight
 C - 11 potions of curing
 G - 2 potions of agility
 H - a potion of magic
 M - a potion of invisibility
 V - a potion of ambrosia
Books
 N - a manual of Throwing
Miscellaneous
 F - a phial of floods
 Q - 2 phantom mirrors
 T - 3 boxes of beasts
 Z - a fan of gales
Comestibles
 q - 49 rations
 r - 4 chunks of flesh


   Skills:
 + Level 18.1 Fighting
 + Level 8.6 Short Blades
 - Level 16.1 Axes
 + Level 5.2 Throwing
 + Level 12.1 Armour
 - Level 7.0 Dodging
 + Level 8.0 Stealth
 - Level 4.0 Shields
 + Level 15.3 Invocations
 - Level 3.0 Evocations


You had 11 spell levels left.
You knew the following spells:

 Your Spells              Type           Power        Failure   Level  Hunger
a - Apportation           Tloc           #.....       52%         1    ##.....
b - Regeneration          Chrm/Necr      #.........   87%         3    ####...
c - Summon Butterflies    Summ           #.......     52%         1    ##.....


Dungeon Overview and Level Annotations

Branches:
Dungeon (15/15)            Temple (1/1) D:6            Lair (6/6) D:8
  Swamp (1/4) Lair:2       Spider (0/4) Lair:3        Slime (0/5) Lair:5
    Orc (2/2) D:9             Elf (0/3) Orc:2        Vaults (0/5) D:13
 Depths (0/5) D:15

Altars:
Ashenzari
Cheibriados
Dithmenos
Elyvilon
Fedhas
Gozag
Hepliaklqana
Kikubaaqudgha
Makhleb
Nemelex Xobeh
Okawaru
Qazlal
Ru
Sif Muna
Trog
Uskayaw
Vehumet
Wu Jian
Xom
Yredelemnul
Zin
The Shining One
Beogh
Jiyva

Shops:
D:11 *!*?   Orc:1 %   Orc:2 ?[!:

Portals:
Pandemonium: Orc:2


Innate Abilities, Weirdness & Mutations

Your skin changes colour to match your surroundings (Stealth+).
You are agile. (Dex +2)
Scrolls take you a little longer to read.
You are robust. (+10% HP)


Message History

Really read with blurry vision while enemies are nearby? [Y]es or [N]o only, please.
Really read with blurry vision while enemies are nearby? [Y]es or [N]o only, please.
Really read with blurry vision while enemies are nearby? [Y]es or [N]o only, please.
Really read with blurry vision while enemies are nearby?
Okay, then.
You feel better. The slime creature barely misses you.
You block the slime creature's attack.
You block the large slime creature's attack.
The five-headed hydra bites you.
* * * LOW HITPOINT WARNING * * *
You block the five-headed hydra's attack.
The five-headed hydra closely misses you.
You block the five-headed hydra's attack. x2
The spriggan rider hits you from afar with a spear of piercing!
* * * LOW HITPOINT WARNING * * *
x2 The enormous slime creature hits you!!!
You die...

♣♣♣♣♣..♣♣♣♣♣§...†.♣♣♣
♣♣..≈♣ ♣.. .♣
♣.≈≈≈≈♣♣♣.≈≈≈..♣♣
♣........
.♣♣♣.≈≈≈.....≈≈≈≈..♣♣
♣≈≈..≈≈≈.
.♣♣..≈≈≈≈.♣♣.§≈≈≈≈≈.♣
♣♣♣.♣♣♣♣≈
.♣♣♣.[≈.≈♣♣♣♣.≈≈≈≈≈≈♣ .≈♣
≈ .♣ ♣♣♣≈.♣♣ ♣≈..w≈≈≈♣♣ ♣
.≈♣ .♣ ♣♣♣♣ ♣≈..≈≈≈≈.♣♣..
≈♣ ♣§≈♣♣ ♣♣..JDi≈≈...≈ ♣♣
♣♣...♣♣ ♣♣..@J.....≈≈
♣♣♣♣♣.≈≈≈.♣♣♣≈≈≈JJ....≈≈≈
..≈.≈≈≈≈≈≈≈.♣≈.≈≈.≈≈≈≈≈≈≈
≈.≈≈.≈≈.≈≈≈≈≈......≈≈≈≈≈≈
♣≈..≈≈≈..≈≈≈≈♣♣♣♣♣.≈≈≈≈≈≈
♣♣♣..≈≈≈.≈≈.≈♣ ♣.≈≈≈≈≈
♣≈.≈≈≈..§..♣♣ .≈≈≈.≈
♣≈...≈.≈≈...♣♣ .≈≈≈.♣
♣≈..≈≈♣♣♣.≈§.♣♣♣♣≈....≈


You could see a five-headed hydra, an enormous slime creature, a large slime
creature, 2 slime creatures, a spriggan rider and a swamp worm.

Vanquished Creatures
  Gastronok (Lair:1)
  The ghost of heinrich the Thaumaturge, a journeyman GnWn of Vehumet (D:13)
  A stone giant (D:14)
  The ghost of varam the Cleaver, a journeyman HOFi of Makhleb (Orc:1)
  3 ettins
  A minotaur (Lab)
  Erolcha (D:12)
  8 hydras
  2 centaur warriors
  2 catoblepae
  18 two-headed ogres
  3 alligators (Swamp:1)
  The ghost of KarmaPolice the Slinger, a journeyman HaHu of Okawaru (D:10)
  8 death yaks
  The ghost of Raptoricus the Cleaver, a novice DsBe of Trog (D:8)
  A tengu warrior (D:14)
  3 ogre magi
  The ghost of Raptoricus the Spear-Bearer, a novice DsBe of Trog (D:7)
  6 orc high priests (Orc:2)
  Urug (D:12)
  5 skeletal warriors (D:13)
  6 unseen horrors
  A gelid demonspawn (Orc:2)
  An infernal demonspawn (Orc:2)
  A deep troll (D:13)
  A wolf spider zombie (D:11)
  A glowing orange brain (D:15)
  A swamp dragon (Swamp:1)
  The ghost of Raptoricus the Thaumaturge, a novice DEFE (D:6)
  A phantasmal warrior (D:13)
  7 orc knights
  17 cyclopes
  2 oklob plants (Lair:2)
  6 orc sorcerers (Orc:2)
  3 deep elf magi
  17 ugly things
  3 manticores
  3 elephants (Lair:6)
  3 black mambas
  A water nymph (shapeshifter) (D:15)
  2 rust devils (Orc:2)
  2 orange demons (Orc:2)
  6 spiny frogs
  3 efreet
  9 komodo dragons
  2 rime drakes (Lair:3)
  2 tengu conjurers
  A hellwing (Orc:2)
  6 polar bears
  3 tyrant leeches (Swamp:1)
  7 trolls
  6 hornets
  8 slime creatures
  A raiju (shapeshifter) (D:15)
  3 dream sheep (Lair:6)
  14 hippogriffs
  15 spriggans (Lair:6)
  3 shadows
  A tarantella (shapeshifter) (D:14)
  37 yaks
  A redback (Lair:3)
  A human (D:9)
  A hog (shapeshifter) (D:15)
  A wraith (D:11)
  A wyvern (Lair:1)
  6 basilisks
  4 hogs (D:9)
  3 hungry ghosts
  A neqoxec (Orc:2)
  4 vampire mosquitoes
  7 wargs
  A swamp worm (Swamp:1)
  A soldier ant (D:15)
  A soldier ant (shapeshifter) (D:15)
  14 water moccasins
  An acid dragon (D:13)
  7 black bears
  8 porcupines
  3 ice beasts
  A hornet zombie (D:8)
  A necrophage (D:9)
  A swamp drake (Swamp:1)
  35 orc warriors
  8 phantoms
  3 eyes of draining
  4 sky beasts
  15 ogres
  6 boggarts
  14 centaurs
  18 wolves
  A crocodile (shapeshifter) (D:14)
  9 crocodiles
  The ghost of Daviar the Changer, an amateur OpTm (D:3)
  4 big kobolds
  13 bullfrogs
  A gnoll sergeant (D:10)
  A wyvern skeleton (D:10)
  4 scorpions
  5 killer bees (D:13)
  4 wights
  7 electric eels
  4 howler monkeys
  4 crimson imps
  4 lava snakes (Lab)
  4 centaur zombies
  7 centaur skeletons
  8 hounds
  28 orc priests
  4 jellies
  A gnoll shaman (Orc:2)
  27 orc wizards
  A bullfrog skeleton (D:10)
  4 hell rats (Lair:5)
  6 iguanas
  17 worker ants
  A hound zombie (D:7)
  2 hound skeletons
  A worker ant zombie (D:11)
  A howler monkey zombie (D:6)
  15 gnolls
  2 howler monkey skeletons
  13 adders
  8 shadow imps
  An adder zombie (D:10)
  An adder skeleton (D:10)
  3 worms
  2 dart slugs
  4 leopard geckos
  81 orcs
  A ball python (D:4)
  9 giant cockroaches
  8 goblins
  7 hobgoblins
  4 jackals (D:3)
  A quokka (D:10)
  7 bats
  5 frilled lizards
  21 kobolds
  2 leopard gecko skeletons (D:4)
  6 rats
  2 fungi
  A plant (Lair:2)
826 creatures vanquished.

Vanquished Creatures (others)
  A centaur warrior (D:13)
  A cyclops (D:8)
  An orc warrior (Orc:1)
  A centaur (D:11)
  An orc (D:13)
  A fire vortex (Lair:5)
  12 fungi
  3 plants
21 creatures vanquished.

Grand Total: 847 creatures vanquished

Notes
Turn   | Place    | Note
-------+----------+-------------------------------------------
     0 | D:1      | sankara the Hill Orc Fighter began the quest for the Orb.
     0 | D:1      | Reached XP level 1. HP: 19/19 MP: 1/1
   444 | D:1      | Reached XP level 2. HP: 26/26 MP: 2/2
   933 | D:2      | Reached XP level 3. HP: 5/33 MP: 3/3
   952 | D:2      | HP: 1/33 [poisoned by an adder]
  1368 | D:2      | Reached skill level 4 in Fighting
  1395 | D:2      | Reached skill level 5 in Axes
  1484 | D:2      | Reached XP level 4. HP: 34/40 MP: 4/4
  1528 | D:2      | Noticed a centaur
  1535 | D:2      | Killed a centaur
  1535 | D:2      | Reached XP level 5. HP: 28/47 MP: 5/5
  1695 | D:2      | Found a glowing golden altar of the Shining One.
  2306 | D:3      | Noticed Daviar's ghost (amateur OpTm)
  2322 | D:3      | Killed Daviar's ghost
  2322 | D:3      | Reached skill level 5 in Fighting
  2322 | D:3      | Reached XP level 6. HP: 48/56 MP: 6/6
  2562 | D:3      | Found a basalt altar of Yredelemnul.
  2562 | D:3      | Found an ornate altar of the Wu Jian Council.
  3143 | D:4      | Noticed a phantom
  3172 | D:4      | Killed a phantom
  3172 | D:4      | Reached XP level 7. HP: 55/62 MP: 7/7
  3741 | D:4      | Found a stormy altar of Qazlal.
  3767 | D:4      | Reached skill level 6 in Fighting
  3866 | D:5      | Entered Level 5 of the Dungeon
  4514 | D:5      | Found a shimmering altar of Xom.
  4566 | D:5      | Reached XP level 8. HP: 71/71 MP: 8/8
  4929 | D:5      | Found a shattered altar of Ashenzari.
  4931 | D:5      | Found a sparkling altar of Nemelex Xobeh.
  4975 | D:5      | Reached skill level 10 in Axes
  5119 | D:6      | Reached skill level 7 in Fighting
  5147 | D:6      | Noticed Raptoricus's ghost (novice DEFE)
  5173 | D:6      | Killed Raptoricus's ghost
  5173 | D:6      | Reached skill level 5 in Armour
  5468 | D:6      | Found a staircase to the Ecumenical Temple.
  5475 | Temple   | Entered the Ecumenical Temple
  5578 | Temple   | Became a worshipper of Uskayaw the Reveler
  5634 | D:6      | Reached * piety under Uskayaw
  5638 | D:6      | Reached XP level 9. HP: 80/80 MP: 5/9
  5641 | D:6      | Reached ** piety under Uskayaw
  5644 | D:6      | Reached skill level 1 in Invocations
  5816 | D:6      | Reached skill level 8 in Fighting
  6099 | D:7      | Noticed Raptoricus's ghost (novice DsBe)
  6595 | D:7      | Gained mutation: You are robust. (+10% HP) [potion of mutation]
  6595 | D:7      | Gained mutation: Your skin changes colour to match your surroundings (Stealth+). [potion of mutation]
  6595 | D:7      | Gained mutation: You are agile. (Dex +2) [potion of mutation]
  7127 | D:7      | Reached *** piety under Uskayaw
  7133 | D:7      | Reached **** piety under Uskayaw
  7479 | D:7      | Found an opulent altar of Gozag.
  7736 | D:7      | Killed Raptoricus's ghost
  7736 | D:7      | Reached skill level 9 in Fighting
  7736 | D:7      | Reached skill level 5 in Invocations
  7736 | D:7      | Reached XP level 10. HP: 22/100 MP: 1/14
  8216 | D:8      | Reached ***** piety under Uskayaw
  8292 | D:8      | Noticed Raptoricus's ghost (novice DsBe)
  8356 | D:8      | Killed Raptoricus's ghost
  8620 | D:8      | Noticed a cyclops
  8622 | D:8      | Killed a cyclops
  8627 | D:8      | Found a staircase to the Lair.
  8649 | D:8      | Reached skill level 10 in Fighting
  9117 | D:8      | Noticed a two-headed ogre
  9128 | D:8      | Killed a two-headed ogre
  9513 | D:9      | Found an iron altar of Okawaru.
  9602 | D:9      | Reached XP level 11. HP: 101/110 MP: 16/16
  9665 | D:9      | Found a deep blue altar of Sif Muna.
  9727 | D:9      | Reached skill level 15 in Axes
  9836 | D:9      | Found a staircase to the Orcish Mines.
  9971 | D:9      | Found a blossoming altar of Fedhas.
  9972 | D:9      | Found an iron altar of Okawaru.
  9975 | D:9      | Found a radiant altar of Vehumet.
  9975 | D:9      | Found a shadowy altar of Dithmenos.
 10171 | D:10     | Entered Level 10 of the Dungeon
 10237 | D:10     | Noticed a two-headed ogre
 10248 | D:10     | Killed a two-headed ogre
 10428 | D:10     | Killed an unseen horror
 10443 | D:10     | Noticed KarmaPolice's ghost (journeyman HaHu)
 10462 | D:10     | Killed KarmaPolice's ghost
 10462 | D:10     | Reached skill level 11 in Fighting
 10589 | D:10     | Noticed an ogre mage
 10595 | D:10     | Killed an ogre mage
 10658 | D:10     | Noticed a two-headed ogre
 10677 | D:10     | Killed a two-headed ogre
 10849 | D:10     | Reached XP level 12. HP: 57/121 MP: 18/18
 11809 | D:11     | Found Heneijio's Assorted Antiques.
 11855 | D:11     | Reached skill level 12 in Fighting
 11945 | D:11     | Reached skill level 10 in Invocations
 11952 | D:11     | Reached skill level 1 in Dodging
 12037 | D:11     | Noticed a two-headed ogre
 12048 | D:11     | Killed a two-headed ogre
 12257 | D:11     | Noticed a two-headed ogre
 12268 | D:11     | Killed a two-headed ogre
 12343 | D:11     | Found Hama's Magic Scroll Shop.
 12345 | D:11     | Found Ozaxiduh's General Store.
 12403 | D:11     | Found Juocolao's Distillery.
 12406 | D:11     | Bought a potion of curing for 33 gold pieces
 12406 | D:11     | Bought a potion of heal wounds for 55 gold pieces
 12406 | D:11     | Bought a potion of berserk rage for 55 gold pieces
 12696 | Lair:1   | Entered Level 1 of the Lair of Beasts
 13275 | Lair:1   | Reached skill level 13 in Fighting
 13733 | Lair:1   | Noticed Gastronok
 13760 | Lair:1   | Killed Gastronok
 13760 | Lair:1   | Reached XP level 13. HP: 132/134 MP: 16/21
 14273 | Lair:2   | Reached skill level 14 in Fighting
 15038 | Lair:2   | Found a staircase to the Swamp.
 16394 | Lair:3   | Reached skill level 5 in Dodging
 16585 | Lair:3   | Found a hole to the Spider Nest.
 16853 | Lair:3   | Got a steaming spear
 16854 | Lair:3   | Identified the +2 spear of the Last Lovers {elec, Str+4 Dex-4 SInv} (You found it on level 3 of the Lair of Beasts)
 16973 | Lair:3   | Learned a level 1 spell: Apportation
 17134 | Lair:3   | Learned a level 3 spell: Regeneration
 17136 | Lair:3   | Learned a level 1 spell: Summon Butterflies
 17398 | Lair:4   | Got an ichor-stained dagger
 17399 | Lair:4   | Identified the +4 dagger "Keiloc" {holy, +Blink rF+ Str+2 Dex-5} (You found it on level 4 of the Lair of Beasts)
 18361 | Lair:5   | Reached skill level 10 in Armour
 18726 | Lair:5   | Reached skill level 15 in Fighting
 19275 | Lair:5   | Reached XP level 14. HP: 64/148 MP: 23/23
 19574 | Lair:5   | Found a viscous altar of Jiyva.
 19574 | Lair:5   | Found a staircase to the Slime Pits.
 19922 | Lair:6   | Entered Level 6 of the Lair of Beasts
 20260 | Lair:6   | Found a blossoming altar of Fedhas.
 20347 | Lair:6   | Reached ****** piety under Uskayaw
 21135 | Lair:6   | Paralysed by a hornet for 2 turns
 21397 | Lair:6   | Identified the +11 dagger "Ymoattac" {elec, rN+ SInv} (You found it on level 6 of the Lair of Beasts)
 22224 | D:12     | Reached skill level 1 in Short Blades
 22224 | D:12     | Reached skill level 1 in Stealth
 22322 | D:12     | Identified the +5 trident of Severance {elec, rF+} (You found it on level 12 of the Dungeon)
 22983 | D:12     | Noticed Urug
 23007 | D:12     | Killed Urug
 23007 | D:12     | Reached skill level 1 in Evocations
 23225 | D:12     | Noticed Erolcha
 23240 | D:12     | Killed Erolcha
 23314 | D:12     | You fall through a shaft for 3 floors!
 23314 | D:15     | Entered Level 15 of the Dungeon
 23471 | D:15     | Reached skill level 16 in Fighting
 23474 | D:15     | Reached XP level 15. HP: 29/158 MP: 25/25
 24772 | D:15     | Found a staircase to the Depths.
 25045 | D:14     | Found a labyrinth entrance.
 25098 | Lab      | Entered a labyrinth
 25977 | Lab      | Reached skill level 5 in Short Blades
 25982 | Lab      | Got an ancient ivory ring
 25984 | Lab      | Identified the ring of Juikoeg {Ice rN+} (You found it in a labyrinth)
 26157 | D:14     | Found a snail-covered altar of Cheibriados.
 26420 | D:13     | Reached skill level 5 in Stealth
 26611 | D:13     | Found a gate to the Vaults.
 26684 | D:13     | Noticed heinrich's ghost (journeyman GnWn)
 26743 | D:13     | Killed heinrich's ghost
 26743 | D:13     | Reached skill level 17 in Fighting
 26766 | D:13     | Identified the Compendium of Gliding Transmutation
 27382 | Orc:1    | Entered Level 1 of the Orcish Mines
 27413 | Orc:1    | Found Baraisch's Food Emporium.
 27439 | Orc:1    | Noticed varam's ghost (journeyman HOFi)
 27463 | Orc:1    | Killed varam's ghost
 27570 | Orc:1    | Found a roughly hewn altar of Beogh.
 27990 | Orc:2    | Entered Level 2 of the Orcish Mines
 28192 | Orc:2    | Found Zolera's Distillery.
 28205 | Orc:2    | Reached XP level 16. HP: 143/170 MP: 26/26
 28212 | Orc:2    | Found Punappih's Magic Scroll Shop.
 28221 | Orc:2    | Gained mutation: Scrolls take you a little longer to read. [a neqoxec]
 28726 | Orc:2    | Found a staircase to the Elven Halls.
 29625 | Orc:2    | HP: 8/170 [chaos spawn[an orc high priest] (9)]
 29639 | Orc:2    | HP: 2/170 [orc high priest/divine providence (11)]
 30097 | Orc:2    | Found Simil's Book Emporium.
 30097 | Orc:2    | Found Vaeclov's Antique Armour Shoppe.
 30097 | Orc:2    | Found a one-way gate leading to the halls of Pandemonium.
 30118 | Orc:2    | Bought a manual of Throwing for 1435 gold pieces
 30120 | Orc:2    | Bought a transparent chain mail for 361 gold pieces
 30122 | Orc:2    | Identified the +6 chain mail of the Teacher {rN+} (You bought it in a shop on level 2 of the Orcish Mines)
 30956 | D:14     | Reached skill level 1 in Throwing
 31384 | D:14     | Identified a scroll of acquirement
 31384 | D:14     | Found the +4 Vampire's Tooth {vamp}
 31806 | D:14     | Reached skill level 15 in Invocations
 32018 | D:14     | Got an ancient broad axe
 32021 | D:14     | Identified the +4 broad axe of Insomnia {protect, rElec rF- Stlth+} (You found it on level 14 of the Dungeon)
 32053 | D:14     | Identified the cursed +0 scale mail of Spite {Int+4} (You found it on level 14 of the Dungeon)
 32274 | D:14     | Reached skill level 18 in Fighting
 33163 | Swamp:1  | Entered Level 1 of the Swamp
 33226 | Swamp:1  | Reached skill level 5 in Throwing
 33687 | Swamp:1  | Reached XP level 17. HP: 171/179 MP: 9/28
 33910 | Swamp:1  | HP: 6/179 [spriggan rider/spear of piercing (15)]
 33910 | Swamp:1  | Annihilated by an enormous slime creature

Vault maps used:
D:1:      zelgadis_glass_arrival_small, minmay_pentomino_x2
D:2:      tso_oasis_becter
D:3:      gammafunk_temple_overflow_elements, first_ration
D:4:      marbit_many_paths, glass_columns_a, dk_noncrumbling_3
D:5:      nicolae_overflow_crystal_walls, nicolae_overflow_hidden_temple,
          corexii_hall_statues_u, st_stairs_6, grunt_ministairs_6
D:6:      minmay_temple_entry_junction_2
D:7:      overflow_temple_1_default
D:8:      david_lair_shrubbed, serial_co_window_serial, co_window_paths_a,
          co_window_corner_a, co_window_paths_b, co_window_of_opportunity_a,
          co_window_paths_a, co_window_corner_cb, co_window_corner_cb,
          co_window_2corner, co_window_broadway_a, co_window_corner_b,
          co_window_of_opportunity_b, co_window_unsneaky_path_a,
          co_window_paths_d
D:9:      kennysheep_mini, chequers_temple_overflow_statue_of_worship,
          orc_0_dummy, basic_altar, grunt_livestock
D:10:     minmay_the_grid_square_5x5_4x4
D:11:     serial_shops, kennysheep_little_box, kennysheep_mini_moat,
          nicolae_shop_behind_doors, nicolae_shop_trees, nooodl_food_tri
D:12:     minmay_misc_feat_plants, uniq_erolcha, uniq_urug
D:13:     david_vaults_4
D:14:     giant_chief_lemuel, cheibriados_altar_1, lab_entry_generic,
          kennysheep_kite_vault
D:15:     gammafunk_enter_depths_forms, minivault_23
Temple:   compressed_dpeg_triangle_lava_temple
Lair:1:   uniq_gastronok
Lair:2:   minmay_swamp_entry_eels, serial_bayou_shore_b,
          minmay_lair_oklob_chamber, grunt_megastairs_4, serial_bayou_shore_a
Lair:3:   spider_nest_entry_a
Lair:4:   grunt_forest_small_clearing_treed
Lair:5:   slime_altar_1, lemuel_fruit_tree, grunt_megastairs_1
Lair:6:   minmay_lair_end_enchanted_forest, basic_altar,
          infiniplex_staircase_pool_2
Swamp:1:  hangedman_swamp_blocks, swamp_pool1
Orc:1:    basic_altar, serial_shops, nicolae_shop_temple_entry_statues_fountains
Orc:2:    pf_orc_diabolical
Lab:      labyrinth_hidden_loot, labyrinth_lava_lair, nicolae_lab_hexagon

Skill      XL: |  1  2  3  4  5  6  7  8  9 10 11 12 13 14 15 16 |
---------------+-------------------------------------------------+-----
Axes           | 3 4 5 6 7 8 9 11 13 14 16 | 16.1
Fighting       | 4 5 6 7 9 10 11 13 15 16 17 18 | 18.1
Shields        | 4 |  4.0
Armour         | 5 6 8 9 10 11 12 | 12.1
Invocations    | 5 7 9 11 12 14 15 | 15.3
Dodging        | 4 5 7 |  7.0
Short Blades   | 2 6 8 |  8.6
Stealth        | 2 6 8 |  8.0
Evocations     | 2 3 |  3.0
Throwing       | 5 |  5.2

Action                   |  1- 3 |  4- 6 |  7- 9 | 10-12 | 13-15 | 16-18 || total
-------------------------+-------+-------+-------+-------+-------+-------++-------
Melee: War axe           |   123 |   185 |   393 |   691 |  1257 |   768 ||  3417
       Hand axe          |       |       |    19 |       |       |       ||    19
       Spear             |       |       |       |       |    30 |    17 ||    47
       Dagger            |       |       |       |       |    63 |    31 ||    94
 Fire: Hunting sling     |       |       |     8 |    11 |    94 |     3 ||   116
       Blowgun           |       |       |       |       |    10 |       ||    10
Throw: Stone             |       |     6 |     1 |       |       |       ||     7
       Tomahawk          |       |       |       |       |     3 |       ||     3
       Javelin           |       |       |       |       |     7 |       ||     7
Invok: Stomp             |       |       |     2 |     2 |     2 |       ||     6
       Line Pass         |       |       |     4 |     4 |     6 |     1 ||    15
       Grand Finale      |       |       |       |     2 |     5 |     1 ||     8
Evoke: Wand              |       |       |     1 |       |       |       ||     1
  Use: Potion            |     2 |       |     8 |     2 |     9 |     5 ||    26
       Scroll            |       |       |    14 |     3 |    11 |    10 ||    38
 Stab: Paralysed         |       |       |     4 |    68 |   120 |    58 ||   250
       Petrified         |       |       |       |       |     5 |       ||     5
       Confused          |       |       |       |       |     2 |       ||     2
       Invisible         |       |       |       |       |     3 |       ||     3
       Distracted        |       |       |       |       |       |     1 ||     1
  Eat: Ration            |     2 |       |     1 |     2 |     5 |     2 ||    12
       Chunk             |       |     1 |    15 |    16 |    36 |    19 ||    87
Armor: Scale mail        |    57 |     3 |       |       |       |       ||    60
       Plate armour      |       |    71 |   163 |   234 |   512 |   175 ||  1155
       Skin              |       |       |       |       |     1 |       ||     1
       Chain mail        |       |       |       |       |       |    73 ||    73
       Swamp dragon scal |       |       |       |       |       |    15 ||    15
Dodge: Dodged            |    30 |    21 |    64 |   102 |   304 |   264 ||   785
Block: Shield            |    74 |   113 |       |       |       |       ||   187
       Reflection        |       |     1 |     2 |     8 |    16 |     8 ||    35
       Buckler           |       |     5 |   163 |   249 |   552 |   372 ||  1341

Table legend:
 A = Spawn XP
 B = Non-spawn XP
 C = Spawn XP percentage of total XP
 D = Spawn monster count
 E = Non-spawn monster count
 F = Spawn count percentage of total count
 G = Total turns spent on level
                    A         B        C        D         E        F      G
               +---------+---------+-------+---------+---------+-------+---------
         Total |       0 |  182867 |   0.0 |       0 |     828 |   0.0 | 33910
               +---------+---------+-------+---------+---------+-------+---------
           D:1 |       0 |      24 |   0.0 |       0 |      16 |   0.0 |   875
           D:2 |       0 |     183 |   0.0 |       0 |      25 |   0.0 |  1094
           D:3 |       0 |     241 |   0.0 |       0 |      34 |   0.0 |   620
           D:4 |       0 |     575 |   0.0 |       0 |      19 |   0.0 |  1531
           D:5 |       0 |     506 |   0.0 |       0 |      16 |   0.0 |  1134
           D:6 |       0 |    1369 |   0.0 |       0 |      19 |   0.0 |  1562
           D:7 |       0 |    2024 |   0.0 |       0 |      22 |   0.0 |  1176
           D:8 |       0 |    3704 |   0.0 |       0 |      25 |   0.0 |  1523
           D:9 |       0 |    2870 |   0.0 |       0 |      32 |   0.0 |   833
          D:10 |       0 |    8906 |   0.0 |       0 |      55 |   0.0 |  1704
          D:11 |       0 |    5615 |   0.0 |       0 |      27 |   0.0 |   837
          D:12 |       0 |    6182 |   0.0 |       0 |      27 |   0.0 |  1261
          D:13 |       0 |   16960 |   0.0 |       0 |      55 |   0.0 |  1457
          D:14 |       0 |   28918 |   0.0 |       0 |      74 |   0.0 |  1955
          D:15 |       0 |   24112 |   0.0 |       0 |      61 |   0.0 |  2165
        Lair:1 |       0 |    8806 |   0.0 |       0 |      29 |   0.0 |  1657
        Lair:2 |       0 |    7064 |   0.0 |       0 |      30 |   0.0 |  1960
        Lair:3 |       0 |    4257 |   0.0 |       0 |      16 |   0.0 |  1065
        Lair:4 |       0 |    3642 |   0.0 |       0 |       9 |   0.0 |  1145
        Lair:5 |       0 |    8169 |   0.0 |       0 |      21 |   0.0 |  1481
        Lair:6 |       0 |   16746 |   0.0 |       0 |      64 |   0.0 |  2121
       Swamp:1 |       0 |    6044 |   0.0 |       0 |      13 |   0.0 |   747
         Orc:1 |       0 |    3385 |   0.0 |       0 |      30 |   0.0 |   617
         Orc:2 |       0 |   19863 |   0.0 |       0 |     102 |   0.0 |  2356
           Lab |       0 |    2702 |   0.0 |       0 |       7 |   0.0 |   923
               +---------+---------+-------+---------+---------+-------+---------
